 Dungeon Crawl Stone Soup version 0.28-a0-631-g0446da8ef9 (webtiles) character file.

Game seed: 9031168910375896159

98 siradein the Firebug (level 4, -4/33 HPs)
             Began as a Draconian Fire Elementalist on Oct 9, 2021.
             Slain by Grinder (5 damage)
             ... on level 3 of the Dungeon.
             The game lasted 00:06:38 (3014 turns).

siradein the Firebug (Draconian Fire Elementalist)  Turns: 3014, Time: 00:06:39

Health: -4/33      AC:  5    Str: 10    XL:     4   Next: 43%
Magic:  0/8        EV: 12    Int: 17    God:
Gold:   84         SH:  0    Dex: 11    Spells: 2/8 levels left

rFire   . . .      SeeInvis .   d - +0 short sword (speed)
rCold   . . .      Faith    .   (no shield)
rNeg    . . .      Spirit   .   (armour unavailable)
rPois   .          Reflect  .   (helmet restricted)
rElec   .          Harm     .   (no cloak)
rCorr   .          Rampage  .   (no gloves)
Will    .....                   (no boots)
Stlth   ++........              (no amulet)
HPRegen 0.11/turn               (no ring)
MPRegen 0.11/turn               (no ring)

@: no status effects
A: AC +5, unfitting armour, cold-blooded
a: no special abilities


You were on level 3 of the Dungeon.
You visited 1 branch of the dungeon, and saw 3 of its levels.

You collected 84 gold pieces.

Inventory:

Hand Weapons
 d - a +0 short sword of speed (weapon)
Scrolls
 b - a scroll of brand weapon {unknown}
 f - a scroll of enchant weapon {unknown}
 g - a scroll of amnesia {unknown}
Potions
 a - a potion of might {unknown}
 e - a potion of invisibility
 h - a potion of heal wounds {unknown}


   Skills:
 + Level 2.5 Dodging
 - Level 1.7 Stealth
 + Level 2.7 Spellcasting
 + Level 2.2 Conjurations
 + Level 3.6 Fire Magic


You had 2 spell levels left.
You knew the following spells:

 Your Spells              Type           Power      Damage    Failure   Level
a - Foxfire               Conj/Fire      48%        2x1d6     5%          1
b - Scorch                Fire           28%        2d6       6%          2
c - Conjure Flame         Conj/Fire      12%        6-21      16%         3

Your spell library contained the following spells:

 Spells                   Type           Power      Damage    Failure   Level
 Inner Flame              Hex/Fire       8%         N/A       26%         3
 Flame Wave               Conj/Fire      12%        3d4       47%         4


Dungeon Overview and Level Annotations

Branches:
Dungeon (3/15)

Altars:

Annotations:
D:3 Grinder


Innate Abilities, Weirdness & Mutations

Your plain brown scales are hard. (AC +5)
You cannot fit into any form of body armour.
You are cold-blooded and may be slowed by cold attacks.


Message History

The foxfire hits the dart slug but does no damage.
The dart slug is severely wounded.
The foxfire hits the dart slug.
You kill the dart slug!
Casting: Foxfire (safe; 5% risk of failure)
Confirm with . or Enter, or press ? or * to list all spells.
You conjure some foxfire!
The foxfire hits Grinder.
Grinder is moderately wounded.
The foxfire hits Grinder but does no damage.
Grinder is moderately wounded.
Casting: Foxfire (safe; 5% risk of failure)
Confirm with . or Enter, or press ? or * to list all spells.
You conjure some foxfire!
The foxfire hits Grinder.
Grinder is moderately wounded.
The foxfire hits Grinder.
Grinder is heavily wounded.
Grinder hits you.
You writhe in agony.
You are too injured to fight recklessly!
You barely miss Grinder.
Grinder is heavily wounded.
Grinder hits you.
You writhe in agony.
* * * LOW HITPOINT WARNING * * *
Casting: Foxfire (safe; 5% risk of failure)
Confirm with . or Enter, or press ? or * to list all spells.
You conjure some foxfire!
Grinder hits you but does no damage.
You closely miss Grinder.
Grinder is heavily wounded.
The foxfire hits Grinder.
Grinder is heavily wounded.
The foxfire hits Grinder.
Grinder is severely wounded.
Grinder hits you but does no damage.
You hit Grinder but do no damage.
Grinder is severely wounded.
Grinder hits you.
* * * LOW HITPOINT WARNING * * *
You writhe in agony.
You die...

#.....'.#
#.....#+####
###........#
#........#
..######........#
.................>
$#####...........
#...†.<......
#@5##...#....
#..##...#....
#.......#
##.##.#.# #.# #.#
#.# ... #.#


You could see Grinder.

Vanquished Creatures
  3 gnolls (D:2)
  A worm (D:2)
  7 dart slugs
  2 endoplasms
  2 giant cockroaches (D:1)
  6 goblins
  4 hobgoblins
  A quokka (D:1)
  5 ball pythons
  9 bats
  2 frilled lizards
  7 kobolds
  5 rats
54 creatures vanquished.

Vanquished Creatures (others)
  116 foxfires
116 creatures vanquished.

Grand Total: 170 creatures vanquished

Notes
Turn   | Place    | Note
-------+----------+-------------------------------------------
     0 | D:1      | siradein the Draconian Fire Elementalist began the quest
                  | for the Orb.
     0 | D:1      | Reached XP level 1. HP: 14/14 MP: 3/3
   322 | D:1      | Reached XP level 2. HP: 6/20 MP: 1/5
   959 | D:1      | Found a faded altar of an unknown god.
  1202 | D:1      | Reached XP level 3. HP: 26/26 MP: 1/6
  1306 | D:1      | Learned a level 2 spell: Scorch
  1310 | D:1      | Learned a level 3 spell: Conjure Flame
  2147 | D:2      | Reached XP level 4. HP: 17/33 MP: 4/8
  2991 | D:3      | Noticed Grinder
  3000 | D:3      | Paralysed by Grinder for 3 turns
  3014 | D:3      | HP: 1/33 [Grinder (4)]
  3014 | D:3      | Slain by Grinder

Illustrated notes

Levels and vault maps discovered:
D:1:      minmay_arrival_stair_chambers, layout_loops_ring,
          chequers_ecumenical_altar_lobes, minmay_heptomino_o4
D:2:      layout_loops_ring, serial_co_window_serial, co_window_paths_a,
          co_window_paths_b, co_window_of_opportunity_a,
          co_window_of_opportunity_a, co_window_paths_b, co_window_corner_ca,
          co_window_corner_b, co_window_corner_b, co_window_broadway_a,
          co_window_of_opportunity_b, glass_columns_a, glass_columns_b,
          glass_columns_b, hangedman_abyss_or_decor_lesser_grid
D:3:      layout_basic, uniq_grinder

Skill      XL: |  1  2  3 |
---------------+----------+-----
Dodging        | 2 |  2.5
Conjurations   | 2 |  2.2
Stealth        | |  1.7
Spellcasting   | |  2.7
Fire Magic     | |  3.6

Action                   |  1- 3 |  4- 6 || total
-------------------------+-------+-------++-------
Melee: Short sword       |    43 |    22 ||    65
       Tailslap          |     5 |     1 ||     6
 Cast: Foxfire           |    59 |    16 ||    75
       Scorch            |       |     1 ||     1
  Use: Scroll            |       |     2 ||     2
Armor: Skin              |    31 |    11 ||    42
Dodge: Dodged            |    42 |    15 ||    57

Table legend: (Time is in decaauts)
 A = Elapsed time spent in this place.
 B = Non-inter-level travel time spent in this place.
 C = Inter-level travel time spent in this place.
 D = Time resting spent in this place.
 E = Time spent auto-exploring this place.
 F = Levels seen in this place.
 G = Mean time per level.
                   A        B        C        D        E       F      G
               +--------+--------+--------+--------+--------+-----+--------+
         Total |   2995 |   2916 |     79 |      0 |   2431 |   3 |  998.3 |
       Dungeon |   2995 |   2916 |     79 |      0 |   2431 |   3 |  998.3 |
               +--------+--------+--------+--------+--------+-----+--------+

Top non-repeatable levels by time:
     D:1: 1700 daAuts
     D:2: 1254 daAuts
     D:3: 40 daAuts
